[ AOE2 MATCH · #483633366 ]
UnrankedKhmer vs Britons
[ REPLAY ANALYSIS · EXTRACTED FROM THE RECORDED GAME ]
Feudal
16:53
Castle
26:47
Imperial
40:16
| APM avg | 13.8 |
| APM peak | 42 |
| eAPM avg | 7.7 |
| Villagers / military | 72 / 237 |
Focus
⚔️ 30.7% · 🌾 69.3%
Ballista Elephant ×154 · Battle Elephant ×78 · Trade Cart ×22 · Spearman ×3 · Monk ×2
Feudal
17:26
Castle
28:40
Imperial
40:14
| APM avg | 15.8 |
| APM peak | 39 |
| eAPM avg | 11.0 |
| Villagers / military | 91 / 227 |
Focus
⚔️ 33.5% · 🌾 66.5%
Longbowman ×135 · Spearman ×64 · Scorpion ×19 · Trade Cart ×12 · Trebuchet (Packed) ×8 · Monk ×1
Feudal
11:48
Castle
19:50
Imperial
34:29
| APM avg | 23.9 |
| APM peak | 47 |
| eAPM avg | 20.8 |
| Villagers / military | 130 / 814 |
Focus
⚔️ 38.7% · 🌾 61.3%
Skirmisher ×508 · Archer ×260 · Trade Cart ×30 · Bombard Cannon ×25 · Trebuchet (Packed) ×15 · Battering Ram ×6
Feudal
—
Castle
—
Imperial
—
| APM avg | 11.0 |
| APM peak | 70 |
| eAPM avg | 8.5 |
| Villagers / military | 95 / 157 |
Focus
⚔️ 28.6% · 🌾 71.4%
Konnik ×113 · Trade Cart ×32 · Archer ×20 · Petard ×15 · Trebuchet (Packed) ×4 · Mangonel ×2
Feudal
12:13
Castle
24:13
Imperial
36:22
| APM avg | 23.6 |
| APM peak | 135 |
| eAPM avg | 18.5 |
| Villagers / military | 127 / 562 |
Focus
⚔️ 55.9% · 🌾 44.1%
Huskarl ×390 · Militia ×64 · Scout Cavalry ×60 · Trade Cart ×34 · Spearman ×30 · Bombard Cannon ×16
Feudal
11:54
Castle
23:22
Imperial
34:23
| APM avg | 17.5 |
| APM peak | 54 |
| eAPM avg | 10.8 |
| Villagers / military | 101 / 226 |
Focus
⚔️ 31.8% · 🌾 68.2%
Spearman ×140 · Bombard Cannon ×41 · Trade Cart ×25 · Hand Cannoneer ×25 · Monk ×10 · Hussite Wagon ×10
Feudal
12:42
Castle
20:35
Imperial
29:55
| APM avg | 17.1 |
| APM peak | 40 |
| eAPM avg | 11.0 |
| Villagers / military | 129 / 260 |
Focus
⚔️ 22.6% · 🌾 77.4%
Knight ×137 · Scorpion ×120 · Trebuchet (Packed) ×2 · Monk ×1
Feudal
12:07
Castle
22:17
Imperial
34:17
| APM avg | 18.6 |
| APM peak | 46 |
| eAPM avg | 14.6 |
| Villagers / military | 170 / 248 |
Focus
⚔️ 35.3% · 🌾 64.7%
Unknown (1959) ×217 · Scout Cavalry ×171 · Unknown (1962) ×76 · Unknown (1944) ×57 · Archer ×48 · Trade Cart ×44
Match map
Initial resources + every placement click. Lines = walls · curves = elevation contours. ◆ gold · ⬟ stone · ● berries · ✦ relic · ◌ wall gap
Your base· ✓ Closed at 26:47 · 26t walls · no gate
pauloc7791's base· ✓ Closed at 28:40 · 34t walls · 1 gate(s)
Mr.C.D.'s base· ✓ Closed at 19:50 · 0t walls · no gate
ReimAusdruck79's base· Open — opponent sealed themselves in
iMilan's base· ✓ Closed at 24:13 · 0t walls · no gate
Arthas's base· Open — opponent sealed themselves in
zod1ac's base· ✓ Closed at 20:35 · 22t walls · no gate
猫神TRACK's base· Open — opponent sealed themselves in
Smoothed initial terrain · ◌ = detected wall gap · hover for details
Inputs per minute
— s3lo - - pauloc7791
Build order — s3lo
First 150 of 266 actions detected
| 0:03 | Build | House |
| 0:07 | Build | House |
| 0:13 | Create | Villager (Male) ×4 |
| 0:45 | Build | Palisade Wall |
| 2:40 | Create | Villager (Male) |
| 2:41 | Create | Villager (Male) |
| 3:42 | Create | Villager (Male) |
| 4:39 | Build | Palisade Wall |
| 4:58 | Create | Villager (Male) ×2 |
| 6:41 | Create | Villager (Male) ×2 |
| 7:28 | Build | House |
| 7:30 | Build | House |
| 7:38 | Create | Villager (Male) |
| 7:39 | Create | Villager (Male) |
| 8:25 | Create | Villager (Male) |
| 8:33 | Create | Villager (Male) |
| 8:53 | Build | Mill |
| 9:30 | Create | Villager (Male) |
| 9:30 | Create | Villager (Male) |
| 10:00 | Create | Villager (Male) |
| 10:01 | Create | Villager (Male) |
| 10:32 | Create | Villager (Male) |
| 11:21 | Build | Mining Camp |
| 11:27 | Build | Farm |
| 11:33 | Build | Farm |
| 11:44 | Build | Farm |
| 11:50 | Create | Villager (Male) |
| 11:50 | Create | Villager (Male) |
| 11:52 | Create | Villager (Male) |
| 11:54 | Create | Villager (Male) |
| 12:35 | Build | Farm |
| 14:02 | Research | Loom |
| 14:12 | Build | Lumber Camp |
| 14:43 | Research | Feudal Age |
| 16:01 | Build | House |
| 16:18 | Build | Farm |
| 16:26 | Build | Farm |
| 16:29 | Build | Farm |
| 16:36 | Build | Farm |
| 16:53 | Age | Feudal Age |
| 16:59 | Build | Farm |
| 17:04 | Create | Villager (Male) |
| 17:05 | Create | Villager (Male) |
| 17:06 | Create | Villager (Male) |
| 17:54 | Build | Market |
| 18:25 | Create | Villager (Male) |
| 18:25 | Create | Villager (Male) |
| 18:43 | Research | Double-Bit Axe |
| 18:56 | Build | Mining Camp |
| 19:24 | Build | Blacksmith |
| 20:32 | Create | Villager (Male) |
| 20:32 | Create | Villager (Male) |
| 20:45 | Research | Scale Mail Armor |
| 20:56 | Build | Barracks |
| 21:19 | Build | House |
| 21:30 | Research | Wheelbarrow |
| 22:07 | Build | Stable |
| 22:46 | Create | Villager (Male) |
| 22:47 | Create | Villager (Male) |
| 22:53 | Create | Trade Cart |
| 22:53 | Create | Trade Cart |
| 23:22 | Build | Archery Range |
| 23:42 | Create | Villager (Male) |
| 24:02 | Research | Castle Age |
| 24:10 | Create | Trade Cart |
| 24:10 | Create | Trade Cart |
| 24:22 | Build | House |
| 24:37 | Research | Padded Archer Armor |
| 25:01 | Build | House |
| 25:24 | Research | Bloodlines |
| 25:57 | Build | Barracks |
| 26:08 | Research | Forging |
| 26:47 | Age | Castle Age |
| 26:48 | Create | Villager (Male) |
| 26:48 | Create | Villager (Male) |
| 27:16 | Build | Town Center |
| 27:22 | Build | Farm |
| 27:23 | Create | Villager (Male) |
| 27:43 | Build | Farm |
| 27:47 | Research | Pikeman (upgrade) |
| 28:21 | Build | Stone Wall |
| 28:29 | Build | Farm |
| 28:31 | Create | Villager (Male) |
| 28:52 | Build | University |
| 28:57 | Build | Monastery |
| 29:05 | Build | Farm |
| 29:07 | Create | Villager (Male) |
| 29:26 | Create | Villager (Male) |
| 29:31 | Create | Villager (Male) |
| 30:08 | Create | Villager (Male) |
| 30:09 | Create | Villager (Male) |
| 30:30 | Research | Husbandry |
| 30:34 | Research | Iron Casting |
| 30:47 | Create | Villager (Male) |
| 30:50 | Create | Villager (Male) |
| 31:13 | Research | Ballistics |
| 31:17 | Create | Trade Cart |
| 31:21 | Build | Farm |
| 31:24 | Create | Villager (Male) |
| 31:30 | Create | Villager (Male) |
| 31:40 | Build | House |
| 31:42 | Build | House |
| 31:53 | Build | House |
| 31:58 | Build | House |
| 32:08 | Create | Monk |
| 32:17 | Build | House |
| 32:37 | Create | Villager (Male) |
| 32:48 | Build | Castle |
| 32:58 | Create | Villager (Male) |
| 32:59 | Create | Villager (Male) |
| 33:31 | Build | Town Center |
| 33:34 | Create | Villager (Male) |
| 33:40 | Research | Chain Mail Armor |
| 33:52 | Create | Villager (Male) |
| 34:34 | Create | Monk |
| 34:52 | Create | Villager (Male) |
| 35:39 | Create | Villager (Male) |
| 35:52 | Create | Villager (Male) |
| 35:57 | Create | Villager (Male) |
| 36:25 | Create | Villager (Male) |
| 37:06 | Research | Imperial Age |
| 37:39 | Research | Murder Holes |
| 37:51 | Create | Villager (Male) |
| 37:59 | Create | Villager (Male) |
| 38:15 | Create | Spearman ×2 |
| 38:25 | Build | Farm |
| 38:26 | Create | Villager (Male) |
| 38:31 | Build | Farm |
| 38:32 | Create | Villager (Male) |
| 38:40 | Create | Spearman |
| 38:57 | Research | Fletching |
| 39:02 | Build | Farm |
| 39:07 | Build | Farm |
| 39:08 | Create | Villager (Male) |
| 39:16 | Create | Trade Cart |
| 39:18 | Create | Trade Cart |
| 39:19 | Create | Trade Cart ×5 |
| 39:29 | Create | Ballista Elephant |
| 39:37 | Build | Farm |
| 39:42 | Create | Villager (Male) |
| 39:47 | Create | Villager (Male) |
| 39:56 | Create | Ballista Elephant |
| 40:16 | Age | Imperial Age |
| 40:22 | Build | Farm |
| 40:26 | Build | Farm |
| 40:33 | Research | Conscription |
| 40:39 | Build | Castle |
| 40:53 | Create | Ballista Elephant |
| 41:04 | Research | Bodkin Arrow |
| 41:25 | Create | Villager (Male) |
Build order — pauloc7791
First 150 of 274 actions detected
| 0:08 | Research | Loom |
| 0:09 | Create | Villager (Male) ×4 |
| 0:14 | Build | House |
| 0:53 | Build | Palisade Wall |
| 2:41 | Build | Palisade Gate |
| 5:34 | Create | Villager (Male) |
| 5:34 | Create | Villager (Male) |
| 5:34 | Create | Villager (Male) |
| 6:34 | Create | Villager (Male) |
| 6:35 | Create | Villager (Male) |
| 7:28 | Create | Villager (Male) |
| 7:44 | Build | House |
| 7:57 | Create | Villager (Male) |
| 7:58 | Create | Villager (Male) |
| 7:58 | Create | Villager (Male) |
| 8:45 | Create | Villager (Male) |
| 8:45 | Create | Villager (Male) |
| 8:45 | Create | Villager (Male) |
| 8:46 | Create | Villager (Male) |
| 9:36 | Create | Villager (Male) |
| 9:36 | Create | Villager (Male) |
| 9:36 | Create | Villager (Male) |
| 10:21 | Build | Mill |
| 10:44 | Build | House |
| 11:44 | Build | Mill |
| 12:12 | Build | Lumber Camp |
| 12:18 | Create | Villager (Male) |
| 12:18 | Create | Villager (Male) |
| 12:19 | Create | Villager (Male) |
| 12:20 | Create | Villager (Male) |
| 12:20 | Create | Villager (Male) |
| 13:43 | Build | Mill |
| 15:16 | Research | Feudal Age |
| 15:29 | Build | Barracks |
| 15:35 | Build | House |
| 15:51 | Build | Mining Camp |
| 16:18 | Build | House |
| 16:19 | Build | House |
| 16:36 | Create | Villager (Male) |
| 16:36 | Create | Villager (Male) |
| 16:36 | Create | Villager (Male) |
| 17:19 | Create | Villager (Male) |
| 17:20 | Create | Villager (Male) |
| 17:26 | Age | Feudal Age |
| 17:28 | Research | Double-Bit Axe |
| 18:18 | Build | Mining Camp |
| 19:06 | Create | Villager (Male) |
| 19:06 | Create | Villager (Male) |
| 19:07 | Create | Villager (Male) |
| 19:58 | Build | Archery Range |
| 20:07 | Build | Archery Range |
| 20:27 | Create | Villager (Male) |
| 20:27 | Create | Villager (Male) |
| 20:33 | Research | Horse Collar |
| 21:04 | Build | Blacksmith |
| 21:36 | Create | Villager (Male) |
| 21:36 | Create | Villager (Male) |
| 22:16 | Build | Farm |
| 22:18 | Build | Farm |
| 22:20 | Build | Farm |
| 22:24 | Build | Farm |
| 22:32 | Build | Farm |
| 23:09 | Research | Stone Mining |
| 23:17 | Create | Villager (Male) |
| 23:17 | Create | Villager (Male) |
| 23:18 | Create | Villager (Male) |
| 23:25 | Research | Gold Mining |
| 24:02 | Build | Stone Wall |
| 24:09 | Build | Gate |
| 24:16 | Build | Stone Wall |
| 24:32 | Build | House |
| 24:34 | Build | House |
| 25:46 | Build | Market |
| 26:00 | Research | Castle Age |
| 26:42 | Build | Farm |
| 26:43 | Build | Farm |
| 26:46 | Build | Farm |
| 26:47 | Build | Farm |
| 26:48 | Build | Farm |
| 26:50 | Build | Farm |
| 26:53 | Build | Farm |
| 28:40 | Age | Castle Age |
| 28:42 | Research | Heavy Plow |
| 28:50 | Build | Castle |
| 28:54 | Create | Villager (Male) |
| 28:55 | Create | Villager (Male) |
| 28:55 | Create | Villager (Male) |
| 28:55 | Create | Villager (Male) |
| 29:06 | Build | Farm |
| 29:08 | Build | Farm |
| 29:10 | Build | Farm |
| 29:12 | Build | Farm |
| 29:14 | Build | Farm |
| 29:16 | Build | Farm |
| 29:19 | Build | Farm |
| 29:21 | Build | Farm |
| 29:42 | Create | Trade Cart |
| 30:24 | Research | Bow Saw |
| 30:27 | Create | Villager (Male) |
| 30:27 | Create | Villager (Male) |
| 30:27 | Create | Villager (Male) |
| 30:49 | Create | Longbowman ×5 |
| 31:02 | Create | Villager (Male) ×5 |
| 31:30 | Research | Fletching |
| 31:31 | Research | Padded Archer Armor |
| 32:02 | Create | Longbowman |
| 32:02 | Create | Longbowman |
| 32:02 | Create | Longbowman |
| 32:03 | Create | Longbowman |
| 32:03 | Create | Longbowman |
| 32:07 | Research | Bodkin Arrow |
| 32:18 | Create | Trade Cart |
| 32:44 | Build | Town Center |
| 32:56 | Research | Leather Archer Armor |
| 33:32 | Create | Villager (Male) |
| 33:32 | Create | Villager (Male) |
| 33:33 | Create | Villager (Male) |
| 33:33 | Create | Villager (Male) |
| 33:33 | Create | Villager (Male) |
| 33:46 | Build | Lumber Camp |
| 34:17 | Build | University |
| 34:57 | Build | Farm |
| 34:58 | Build | Farm |
| 35:06 | Create | Villager (Male) |
| 35:07 | Create | Villager (Male) |
| 35:07 | Create | Villager (Male) |
| 35:15 | Research | Wheelbarrow |
| 35:28 | Build | Monastery |
| 35:34 | Research | Fortified Wall (upgrade) |
| 35:47 | Create | Villager (Male) |
| 35:47 | Create | Villager (Male) |
| 36:20 | Build | Siege Workshop |
| 36:24 | Create | Monk |
| 36:57 | Research | Caravan |
| 36:59 | Create | Trade Cart |
| 36:59 | Create | Trade Cart |
| 37:04 | Research | Imperial Age |
| 37:21 | Research | Ballistics |
| 37:40 | Create | Scorpion |
| 37:41 | Create | Scorpion |
| 37:41 | Create | Scorpion |
| 37:57 | Build | House |
| 37:58 | Build | House |
| 38:24 | Create | Villager (Male) |
| 38:25 | Create | Villager (Male) |
| 38:25 | Create | Villager (Male) |
| 38:25 | Create | Villager (Male) |
| 38:35 | Build | Mining Camp |
| 38:39 | Create | Trade Cart |
| 38:51 | Research | Gold Shaft Mining |
Build order — Mr.C.D.
First 150 of 620 actions detected
| 0:03 | Build | House |
| 0:04 | Build | House |
| 0:05 | Create | Villager (Male) |
| 0:05 | Create | Villager (Male) |
| 0:05 | Create | Villager (Male) |
| 0:06 | Create | Villager (Male) |
| 0:06 | Create | Villager (Male) |
| 0:24 | Research | Loom |
| 1:41 | Create | Villager (Male) |
| 1:41 | Create | Villager (Male) |
| 1:50 | Build | Lumber Camp |
| 2:31 | Create | Villager (Male) |
| 3:07 | Create | Villager (Male) |
| 3:13 | Create | Villager (Male) |
| 3:13 | Create | Villager (Male) |
| 4:09 | Create | Villager (Male) |
| 4:31 | Build | House |
| 4:41 | Create | Villager (Male) |
| 5:20 | Build | Mill |
| 5:35 | Create | Villager (Male) |
| 5:37 | Create | Villager (Male) |
| 5:37 | Create | Villager (Male) |
| 6:26 | Create | Villager (Male) |
| 6:52 | Create | Villager (Male) |
| 6:54 | Create | Villager (Male) |
| 7:17 | Create | Villager (Male) |
| 8:12 | Build | House |
| 8:45 | Build | House |
| 8:46 | Build | House |
| 8:46 | Build | House |
| 8:52 | Create | Villager (Male) |
| 9:28 | Build | Mining Camp |
| 9:38 | Research | Feudal Age |
| 10:10 | Build | House |
| 10:11 | Build | House |
| 11:38 | Create | Villager (Male) |
| 11:48 | Age | Feudal Age |
| 11:48 | Research | Double-Bit Axe |
| 11:50 | Research | Gold Mining |
| 12:07 | Build | Blacksmith |
| 12:13 | Build | Market |
| 12:18 | Build | Farm |
| 12:19 | Create | Villager (Male) |
| 12:25 | Research | Stone Mining |
| 12:28 | Research | Horse Collar |
| 12:41 | Create | Villager (Male) |
| 12:41 | Create | Villager (Male) |
| 13:36 | Build | Farm |
| 13:37 | Create | Villager (Male) |
| 13:41 | Create | Villager (Male) |
| 14:09 | Build | Farm |
| 14:10 | Create | Villager (Male) |
| 14:35 | Build | Barracks |
| 14:39 | Build | Farm |
| 14:44 | Build | Farm |
| 14:54 | Build | Farm |
| 14:57 | Create | Villager (Male) |
| 15:36 | Build | Archery Range |
| 15:46 | Build | Archery Range |
| 16:09 | Build | Farm |
| 16:10 | Create | Villager (Male) |
| 16:43 | Build | Farm |
| 16:45 | Create | Villager (Male) |
| 17:09 | Research | Castle Age |
| 17:38 | Build | Archery Range |
| 17:43 | Build | Archery Range |
| 17:56 | Build | Mining Camp |
| 18:08 | Research | Stone Mining |
| 18:41 | Research | Padded Archer Armor |
| 18:42 | Research | Fletching |
| 19:16 | Create | Skirmisher |
| 19:16 | Create | Skirmisher |
| 19:16 | Create | Skirmisher |
| 19:16 | Create | Skirmisher |
| 19:17 | Create | Skirmisher |
| 19:29 | Build | House |
| 19:31 | Build | House |
| 19:32 | Build | House |
| 19:32 | Build | House |
| 19:38 | Build | Farm |
| 19:50 | Age | Castle Age |
| 20:20 | Build | Town Center |
| 20:44 | Build | Town Center |
| 20:46 | Create | Villager (Male) |
| 20:46 | Create | Villager (Male) |
| 20:47 | Create | Villager (Male) |
| 20:50 | Research | Bow Saw |
| 21:38 | Create | Villager (Male) |
| 21:45 | Create | Villager (Male) |
| 22:11 | Build | Farm |
| 22:13 | Build | Farm |
| 22:18 | Build | House |
| 22:20 | Build | House |
| 22:21 | Build | House |
| 22:22 | Build | House |
| 22:23 | Build | House |
| 22:25 | Build | House |
| 22:38 | Build | Farm |
| 22:40 | Create | Villager (Male) |
| 22:41 | Create | Villager (Male) |
| 22:41 | Create | Villager (Male) |
| 22:50 | Research | Wheelbarrow |
| 22:55 | Build | Farm |
| 23:00 | Create | Villager (Male) |
| 23:02 | Create | Villager (Male) |
| 23:36 | Build | University |
| 23:44 | Create | Villager (Male) |
| 23:44 | Create | Villager (Male) |
| 23:45 | Create | Villager (Male) |
| 23:59 | Build | House |
| 24:01 | Build | House |
| 24:02 | Build | House |
| 24:04 | Build | House |
| 24:08 | Create | Villager (Male) |
| 24:08 | Create | Villager (Male) |
| 24:20 | Research | Elite Skirmisher (upgrade) |
| 24:35 | Create | Villager (Male) |
| 24:35 | Create | Villager (Male) |
| 24:36 | Create | Villager (Male) |
| 24:45 | Build | Farm |
| 24:51 | Create | Villager (Male) |
| 24:54 | Create | Villager (Male) |
| 25:08 | Build | Farm |
| 25:11 | Build | Farm |
| 25:12 | Create | Villager (Male) |
| 25:12 | Create | Villager (Male) |
| 25:33 | Build | Farm |
| 25:38 | Build | Farm |
| 25:42 | Build | Farm |
| 25:45 | Build | Farm |
| 25:47 | Create | Villager (Male) |
| 25:47 | Create | Villager (Male) |
| 25:48 | Create | Villager (Male) |
| 25:48 | Create | Villager (Male) |
| 26:14 | Build | Farm |
| 26:16 | Create | Villager (Male) |
| 26:16 | Create | Villager (Male) |
| 26:22 | Build | Farm |
| 26:25 | Build | Farm |
| 26:38 | Research | Hand Cart |
| 26:46 | Build | Farm |
| 26:52 | Build | Farm |
| 26:54 | Build | Farm |
| 26:57 | Create | Villager (Male) |
| 26:57 | Create | Villager (Male) |
| 26:58 | Create | Villager (Male) |
| 27:12 | Build | House |
| 27:14 | Build | House |
| 27:20 | Create | Skirmisher |
| 27:20 | Create | Skirmisher |
Build order — ReimAusdruck79
First 150 of 245 actions detected
| 0:40 | Build | Palisade Wall |
| 0:59 | Build | House |
| 1:00 | Build | House |
| 1:46 | Build | Palisade Gate |
| 1:53 | Build | Palisade Gate |
| 3:21 | Create | Villager (Male) ×4 |
| 3:53 | Create | Villager (Male) |
| 4:58 | Create | Villager (Male) |
| 5:32 | Create | Villager (Male) |
| 5:48 | Create | Villager (Male) |
| 6:29 | Create | Villager (Male) |
| 6:29 | Create | Villager (Male) |
| 6:51 | Build | Lumber Camp |
| 7:04 | Create | Villager (Male) |
| 7:32 | Create | Villager (Male) |
| 7:57 | Create | Villager (Male) |
| 8:08 | Build | House |
| 8:10 | Build | House |
| 8:20 | Create | Villager (Male) |
| 9:43 | Build | Mill |
| 10:20 | Create | Villager (Male) |
| 10:20 | Create | Villager (Male) |
| 12:44 | Research | Feudal Age |
| 13:42 | Build | Mining Camp |
| 14:09 | Build | Barracks |
| 15:06 | Research | Double-Bit Axe |
| 15:10 | Research | Wheelbarrow |
| 15:32 | Build | Farm |
| 15:35 | Build | Farm |
| 15:36 | Build | Farm |
| 15:38 | Build | Farm |
| 15:39 | Build | Farm |
| 15:41 | Build | Farm |
| 15:44 | Build | Farm |
| 15:46 | Build | Farm |
| 15:57 | Research | Horse Collar |
| 16:29 | Build | Market |
| 16:47 | Create | Villager (Male) |
| 17:29 | Build | Stone Wall |
| 17:35 | Build | Gate |
| 17:37 | Build | Gate |
| 17:51 | Build | Blacksmith |
| 18:05 | Create | Villager (Male) |
| 18:05 | Create | Villager (Male) |
| 18:05 | Create | Villager (Male) |
| 18:39 | Build | House |
| 18:45 | Build | House |
| 20:10 | Build | Farm |
| 20:12 | Build | Farm |
| 20:18 | Build | Farm |
| 20:21 | Build | Farm |
| 20:23 | Build | Farm |
| 20:24 | Build | Farm |
| 20:29 | Create | Villager (Male) |
| 20:29 | Create | Villager (Male) |
| 20:30 | Create | Villager (Male) |
| 20:30 | Create | Villager (Male) |
| 20:44 | Create | Villager (Male) |
| 21:23 | Build | Mining Camp |
| 22:04 | Research | Castle Age |
| 22:13 | Research | Castle Age |
| 22:46 | Research | Gold Mining |
| 22:52 | Research | Stone Mining |
| 24:46 | Build | Watch Tower |
| 25:05 | Build | Archery Range |
| 25:22 | Research | Hand Cart |
| 25:26 | Research | Bow Saw |
| 25:37 | Research | Heavy Plow |
| 26:04 | Create | Villager (Male) |
| 26:04 | Create | Villager (Male) |
| 26:04 | Create | Villager (Male) |
| 26:05 | Create | Villager (Male) |
| 26:46 | Build | Town Center |
| 27:31 | Build | Farm |
| 27:32 | Build | Farm |
| 28:25 | Create | Villager (Male) ×5 |
| 28:25 | Create | Villager (Male) ×5 |
| 28:25 | Create | Villager (Male) ×5 |
| 28:36 | Build | Farm |
| 28:39 | Build | Farm |
| 29:01 | Build | Farm |
| 29:22 | Research | Stone Shaft Mining |
| 30:13 | Build | Monastery |
| 31:45 | Build | University |
| 31:49 | Create | Monk |
| 32:08 | Build | House |
| 32:09 | Build | House |
| 32:22 | Build | House |
| 32:24 | Build | House |
| 32:25 | Build | House |
| 32:27 | Build | House |
| 32:28 | Build | House |
| 33:06 | Create | Archer |
| 33:06 | Create | Archer |
| 33:07 | Create | Archer |
| 33:07 | Create | Archer |
| 33:45 | Create | Villager (Male) |
| 33:45 | Create | Villager (Male) |
| 33:45 | Create | Villager (Male) |
| 33:53 | Research | Caravan |
| 33:54 | Create | Trade Cart |
| 33:54 | Create | Trade Cart |
| 33:55 | Create | Trade Cart |
| 33:55 | Create | Trade Cart |
| 34:14 | Build | Castle |
| 34:49 | Research | Murder Holes |
| 36:05 | Build | Farm |
| 36:06 | Build | Farm |
| 36:11 | Build | Farm |
| 36:13 | Build | Farm |
| 36:14 | Build | Farm |
| 36:16 | Build | Farm |
| 36:17 | Build | Farm |
| 36:18 | Build | Farm |
| 36:20 | Build | Farm |
| 36:22 | Build | Farm |
| 36:24 | Build | Farm |
| 36:27 | Build | Farm |
| 36:33 | Create | Villager (Male) ×5 |
| 36:33 | Create | Villager (Male) ×5 |
| 36:34 | Create | Villager (Male) ×5 |
| 36:49 | Build | Mill |
| 37:06 | Research | Scale Barding Armor |
| 37:30 | Build | Siege Workshop |
| 38:02 | Create | Petard ×5 |
| 38:03 | Create | Petard ×5 |
| 38:03 | Create | Petard ×5 |
| 38:25 | Create | Battering Ram |
| 38:26 | Create | Battering Ram |
| 39:05 | Create | Villager (Male) |
| 39:05 | Create | Villager (Male) |
| 39:05 | Create | Villager (Male) |
| 39:06 | Create | Villager (Male) |
| 40:30 | Research | Imperial Age |
| 40:59 | Build | House |
| 41:00 | Build | House |
| 41:03 | Build | House |
| 41:05 | Build | House |
| 41:07 | Build | House |
| 41:08 | Build | House |
| 41:09 | Build | House |
| 41:11 | Build | House |
| 41:13 | Build | House |
| 42:46 | Build | Krepost |
| 43:40 | Create | Trade Cart ×5 |
| 43:40 | Create | Trade Cart ×5 |
| 43:41 | Create | Trade Cart ×5 |
| 43:41 | Create | Trade Cart ×5 |
| 43:55 | Research | Elite Konnik (upgrade) |
| 43:56 | Research | Conscription |
Build order — iMilan
First 150 of 925 actions detected
| 0:07 | Build | House |
| 0:08 | Build | House |
| 0:10 | Build | House |
| 1:04 | Create | Villager (Male) |
| 1:04 | Create | Villager (Male) |
| 1:05 | Create | Villager (Male) |
| 1:05 | Create | Villager (Male) |
| 1:05 | Create | Villager (Male) |
| 2:19 | Create | Villager (Male) |
| 4:36 | Research | Loom |
| 4:38 | Create | Villager (Male) |
| 4:38 | Create | Villager (Male) |
| 4:38 | Create | Villager (Male) |
| 4:38 | Create | Villager (Male) |
| 4:38 | Create | Villager (Male) |
| 5:40 | Create | Villager (Male) |
| 5:40 | Create | Villager (Male) |
| 5:41 | Create | Villager (Male) |
| 5:41 | Create | Villager (Male) |
| 6:42 | Build | Mill |
| 7:06 | Create | Villager (Male) |
| 7:06 | Create | Villager (Male) |
| 7:06 | Create | Villager (Male) |
| 7:07 | Create | Villager (Male) |
| 7:07 | Create | Villager (Male) |
| 7:07 | Create | Villager (Male) |
| 7:07 | Create | Villager (Male) |
| 7:35 | Build | Lumber Camp |
| 8:07 | Build | House |
| 9:48 | Research | Feudal Age |
| 10:40 | Build | House |
| 10:43 | Build | House |
| 11:22 | Create | Villager (Male) |
| 11:22 | Create | Villager (Male) |
| 11:22 | Create | Villager (Male) |
| 11:22 | Create | Villager (Male) |
| 12:13 | Age | Feudal Age |
| 12:43 | Build | Blacksmith |
| 12:53 | Build | Market |
| 13:10 | Build | Mining Camp |
| 13:41 | Research | Scale Mail Armor |
| 14:04 | Build | Barracks |
| 14:07 | Build | Barracks |
| 14:12 | Build | Barracks |
| 14:28 | Create | Villager (Male) |
| 14:28 | Create | Villager (Male) |
| 14:28 | Create | Villager (Male) |
| 14:28 | Create | Villager (Male) |
| 14:28 | Create | Villager (Male) |
| 14:28 | Create | Villager (Male) |
| 14:29 | Create | Villager (Male) |
| 14:29 | Create | Villager (Male) |
| 14:29 | Create | Villager (Male) |
| 14:34 | Build | Farm |
| 14:37 | Build | Farm |
| 14:56 | Build | Farm |
| 15:20 | Build | Mining Camp |
| 15:33 | Build | Farm |
| 15:59 | Build | Farm |
| 16:07 | Create | Villager (Male) |
| 16:10 | Build | Farm |
| 16:37 | Build | Farm |
| 16:57 | Build | House |
| 16:58 | Build | House |
| 17:02 | Build | House |
| 17:10 | Build | Farm |
| 17:13 | Create | Villager (Male) |
| 17:13 | Create | Villager (Male) |
| 17:36 | Build | Farm |
| 17:59 | Build | Farm |
| 18:18 | Build | Farm |
| 18:46 | Build | Farm |
| 18:50 | Create | Villager (Male) |
| 18:50 | Create | Villager (Male) |
| 18:51 | Create | Villager (Male) |
| 18:51 | Create | Villager (Male) |
| 18:51 | Create | Villager (Male) |
| 18:51 | Create | Villager (Male) |
| 19:16 | Create | Trade Cart |
| 19:21 | Build | Farm |
| 19:37 | Build | Mining Camp |
| 19:46 | Build | Farm |
| 20:07 | Build | Farm |
| 20:35 | Build | Farm |
| 20:59 | Build | Farm |
| 21:33 | Research | Castle Age |
| 22:22 | Build | Market |
| 22:58 | Build | Market |
| 24:13 | Age | Castle Age |
| 24:20 | Build | Town Center |
| 24:25 | Create | Villager (Male) |
| 24:25 | Create | Villager (Male) |
| 24:26 | Create | Villager (Male) |
| 24:26 | Create | Villager (Male) |
| 24:26 | Create | Villager (Male) |
| 24:30 | Research | Chain Mail Armor |
| 24:53 | Build | Barracks |
| 24:59 | Build | Farm |
| 25:31 | Build | Castle |
| 26:37 | Research | Wheelbarrow |
| 26:39 | Create | Villager (Male) |
| 26:39 | Create | Villager (Male) |
| 26:39 | Create | Villager (Male) |
| 26:39 | Create | Villager (Male) |
| 26:39 | Create | Villager (Male) |
| 26:39 | Create | Villager (Male) |
| 26:40 | Create | Villager (Male) |
| 26:40 | Create | Villager (Male) |
| 26:40 | Create | Villager (Male) |
| 26:40 | Create | Villager (Male) |
| 26:40 | Create | Villager (Male) |
| 26:40 | Create | Villager (Male) |
| 26:40 | Create | Villager (Male) |
| 26:40 | Create | Villager (Male) |
| 26:40 | Create | Villager (Male) |
| 26:48 | Create | Villager (Male) |
| 26:48 | Create | Villager (Male) |
| 26:49 | Create | Villager (Male) |
| 26:49 | Create | Villager (Male) |
| 26:49 | Create | Villager (Male) |
| 26:49 | Create | Villager (Male) |
| 26:49 | Create | Villager (Male) |
| 26:49 | Create | Villager (Male) |
| 26:49 | Create | Villager (Male) |
| 26:49 | Create | Villager (Male) |
| 27:25 | Build | Farm |
| 27:42 | Build | Farm |
| 27:58 | Build | Barracks |
| 28:00 | Build | Barracks |
| 28:35 | Build | Farm |
| 29:02 | Build | Farm |
| 29:08 | Research | Double-Bit Axe |
| 29:45 | Build | Farm |
| 29:52 | Build | Mill |
| 29:55 | Build | Farm |
| 29:59 | Create | Villager (Male) |
| 30:00 | Create | Villager (Male) |
| 30:00 | Create | Villager (Male) |
| 30:00 | Create | Villager (Male) |
| 30:01 | Create | Villager (Male) |
| 30:21 | Research | Anarchy |
| 30:27 | Research | Forging |
| 30:32 | Build | Farm |
| 30:34 | Build | Farm |
| 31:12 | Build | Monastery |
| 31:17 | Build | Farm |
| 31:20 | Build | Farm |
| 31:42 | Create | Monk |
| 31:43 | Create | Monk |
| 31:47 | Research | Gold Mining |
Build order — Arthas
First 150 of 387 actions detected
| 0:05 | Build | House |
| 0:06 | Build | House |
| 0:07 | Build | House |
| 0:07 | Build | House |
| 0:08 | Create | Villager (Male) |
| 0:34 | Create | Villager (Male) |
| 0:35 | Create | Villager (Male) |
| 0:35 | Create | Villager (Male) |
| 0:36 | Create | Villager (Male) |
| 1:36 | Create | Villager (Male) |
| 2:10 | Create | Villager (Male) |
| 2:10 | Create | Villager (Male) |
| 2:39 | Create | Villager (Male) |
| 2:39 | Create | Villager (Male) |
| 3:13 | Create | Villager (Male) |
| 3:13 | Create | Villager (Male) |
| 3:58 | Create | Villager (Male) |
| 3:59 | Create | Villager (Male) |
| 4:44 | Create | Villager (Male) |
| 4:44 | Create | Villager (Male) |
| 4:44 | Create | Villager (Male) |
| 4:45 | Create | Villager (Male) |
| 4:45 | Create | Villager (Male) |
| 5:05 | Create | Villager (Male) |
| 5:05 | Create | Villager (Male) |
| 6:11 | Build | Lumber Camp |
| 6:32 | Build | Mill |
| 7:01 | Create | Villager (Male) |
| 7:02 | Create | Villager (Male) |
| 7:02 | Create | Villager (Male) |
| 7:03 | Create | Villager (Male) |
| 7:51 | Research | Loom |
| 8:19 | Build | Lumber Camp |
| 9:22 | Research | Feudal Age |
| 9:33 | Build | House |
| 9:35 | Build | House |
| 9:36 | Build | House |
| 9:36 | Build | House |
| 9:42 | Build | Lumber Camp |
| 10:23 | Build | Mill |
| 10:34 | Create | Villager (Male) |
| 10:34 | Create | Villager (Male) |
| 10:34 | Create | Villager (Male) |
| 10:47 | Build | Mining Camp |
| 11:54 | Age | Feudal Age |
| 11:57 | Research | Horse Collar |
| 11:59 | Research | Double-Bit Axe |
| 12:08 | Build | Farm |
| 12:09 | Build | Farm |
| 12:10 | Build | Farm |
| 12:32 | Create | Villager (Male) |
| 12:41 | Create | Villager (Male) |
| 12:57 | Create | Villager (Male) |
| 12:57 | Create | Villager (Male) |
| 12:58 | Create | Villager (Male) |
| 13:20 | Build | Market |
| 13:21 | Build | Market |
| 13:54 | Build | Farm |
| 13:55 | Build | Farm |
| 13:56 | Build | Farm |
| 13:57 | Build | Farm |
| 14:00 | Build | Farm |
| 14:51 | Build | Market |
| 14:59 | Build | Farm |
| 15:14 | Build | Farm |
| 15:16 | Build | Farm |
| 15:18 | Build | Farm |
| 15:19 | Build | Farm |
| 15:38 | Research | Wheelbarrow |
| 15:41 | Create | Villager (Male) ×5 |
| 15:52 | Build | Mining Camp |
| 16:15 | Build | Lumber Camp |
| 16:31 | Build | Farm |
| 16:33 | Build | Farm |
| 16:34 | Build | Farm |
| 16:36 | Build | Farm |
| 16:36 | Build | Farm |
| 17:05 | Build | Blacksmith |
| 17:13 | Build | Blacksmith |
| 17:32 | Build | Mill |
| 17:41 | Build | Farm |
| 17:42 | Build | Farm |
| 17:47 | Create | Villager (Male) |
| 17:47 | Create | Villager (Male) |
| 17:58 | Create | Villager (Male) |
| 17:58 | Create | Villager (Male) |
| 18:02 | Build | House |
| 18:03 | Build | House |
| 18:04 | Build | House |
| 18:04 | Build | House |
| 18:35 | Research | Wheelbarrow |
| 19:52 | Research | Castle Age |
| 20:56 | Create | Villager (Male) ×5 |
| 21:14 | Build | Farm |
| 21:15 | Build | Farm |
| 21:17 | Build | Farm |
| 21:18 | Build | Farm |
| 21:20 | Build | Farm |
| 21:21 | Build | Farm |
| 21:22 | Build | Farm |
| 21:23 | Build | Farm |
| 21:59 | Build | Farm |
| 22:01 | Build | Farm |
| 22:03 | Build | Farm |
| 22:04 | Build | Farm |
| 22:05 | Build | Farm |
| 22:06 | Build | Farm |
| 22:09 | Build | Farm |
| 23:22 | Age | Castle Age |
| 23:23 | Research | Heavy Plow |
| 23:24 | Research | Bow Saw |
| 23:36 | Build | Town Center |
| 23:50 | Build | Town Center |
| 24:05 | Build | Town Center |
| 24:24 | Build | Monastery |
| 24:25 | Build | Monastery |
| 24:29 | Create | Villager (Male) |
| 25:24 | Create | Villager (Male) |
| 25:30 | Create | Villager (Male) |
| 25:30 | Create | Villager (Male) |
| 25:31 | Create | Villager (Male) |
| 25:31 | Create | Villager (Male) |
| 25:52 | Create | Villager (Male) |
| 25:52 | Create | Villager (Male) |
| 25:53 | Create | Villager (Male) |
| 25:54 | Create | Villager (Male) |
| 25:58 | Create | Villager (Male) |
| 25:59 | Create | Villager (Male) |
| 25:59 | Create | Villager (Male) |
| 26:04 | Create | Villager (Male) |
| 26:04 | Create | Villager (Male) |
| 26:05 | Create | Villager (Male) |
| 26:05 | Create | Villager (Male) |
| 26:55 | Create | Villager (Male) |
| 27:00 | Create | Villager (Male) |
| 27:01 | Create | Villager (Male) |
| 27:01 | Create | Villager (Male) |
| 27:05 | Create | Villager (Male) |
| 27:09 | Build | Lumber Camp |
| 27:18 | Create | Monk |
| 27:19 | Create | Monk |
| 27:34 | Research | Caravan |
| 27:37 | Create | Trade Cart |
| 27:38 | Create | Trade Cart |
| 27:44 | Build | Farm |
| 27:54 | Build | Lumber Camp |
| 27:57 | Create | Villager (Male) |
| 27:58 | Create | Villager (Male) |
| 28:01 | Create | Villager (Male) |
| 28:02 | Create | Villager (Male) |
Build order — zod1ac
First 150 of 304 actions detected
| 0:01 | Create | Villager (Male) |
| 0:02 | Create | Villager (Male) |
| 0:02 | Create | Villager (Male) |
| 0:03 | Build | House |
| 0:04 | Build | House |
| 1:13 | Create | Villager (Male) |
| 1:20 | Research | Loom |
| 1:39 | Create | Villager (Male) |
| 2:04 | Create | Villager (Male) |
| 3:00 | Build | Palisade Wall |
| 3:16 | Create | Villager (Male) |
| 3:16 | Create | Villager (Male) |
| 3:17 | Create | Villager (Male) |
| 4:18 | Build | Palisade Wall |
| 4:30 | Create | Villager (Male) |
| 4:30 | Create | Villager (Male) |
| 4:39 | Build | Lumber Camp |
| 5:13 | Create | Villager (Male) |
| 5:13 | Create | Villager (Male) |
| 5:58 | Create | Villager (Male) |
| 6:52 | Build | House |
| 8:12 | Build | House |
| 8:53 | Build | Mill |
| 9:42 | Create | Villager (Male) |
| 9:42 | Create | Villager (Male) |
| 9:43 | Create | Villager (Male) |
| 9:59 | Build | Farm |
| 10:02 | Build | Farm |
| 10:04 | Research | Feudal Age |
| 10:07 | Build | Farm |
| 10:37 | Build | Farm |
| 10:45 | Build | Farm |
| 11:18 | Build | Mining Camp |
| 11:36 | Create | Villager (Male) |
| 11:37 | Create | Villager (Male) |
| 11:37 | Create | Villager (Male) |
| 11:37 | Create | Villager (Male) |
| 12:42 | Age | Feudal Age |
| 12:51 | Research | Double-Bit Axe |
| 13:13 | Build | Market |
| 13:15 | Build | Blacksmith |
| 13:17 | Build | House |
| 13:31 | Create | Villager (Male) |
| 13:37 | Build | Farm |
| 14:09 | Build | Farm |
| 14:40 | Research | Gold Mining |
| 15:10 | Create | Villager (Male) |
| 15:11 | Create | Villager (Male) |
| 15:12 | Create | Villager (Male) |
| 15:12 | Create | Villager (Male) |
| 15:27 | Build | Farm |
| 15:49 | Build | House |
| 15:55 | Build | House |
| 15:58 | Build | House |
| 15:59 | Build | House |
| 16:02 | Build | House |
| 16:06 | Build | Farm |
| 16:24 | Build | Farm |
| 16:25 | Build | Farm |
| 16:31 | Build | Farm |
| 16:45 | Create | Villager (Male) |
| 16:46 | Create | Villager (Male) |
| 16:58 | Build | Farm |
| 17:24 | Build | Farm |
| 17:49 | Build | Farm |
| 17:55 | Research | Castle Age |
| 17:59 | Build | House |
| 18:02 | Build | House |
| 18:44 | Create | Villager (Male) |
| 18:44 | Create | Villager (Male) |
| 18:45 | Create | Villager (Male) |
| 18:45 | Create | Villager (Male) |
| 20:32 | Create | Villager (Male) |
| 20:32 | Create | Villager (Male) |
| 20:35 | Age | Castle Age |
| 20:49 | Research | Bow Saw |
| 20:53 | Research | Gold Shaft Mining |
| 20:58 | Create | Villager (Male) |
| 20:59 | Create | Villager (Male) |
| 21:06 | Build | Town Center |
| 21:35 | Build | Monastery |
| 22:53 | Create | Villager (Male) |
| 22:54 | Create | Villager (Male) |
| 22:54 | Create | Villager (Male) |
| 22:54 | Create | Villager (Male) |
| 23:00 | Create | Villager (Male) |
| 23:48 | Create | Villager (Male) |
| 23:50 | Create | Villager (Male) |
| 23:50 | Create | Villager (Male) |
| 23:51 | Create | Villager (Male) |
| 23:51 | Create | Villager (Male) |
| 23:51 | Create | Villager (Male) |
| 23:51 | Create | Villager (Male) |
| 23:52 | Create | Villager (Male) |
| 23:52 | Create | Villager (Male) |
| 24:30 | Create | Monk |
| 24:43 | Build | University |
| 25:04 | Build | University |
| 25:41 | Build | Farm |
| 25:51 | Research | Gold Shaft Mining |
| 25:51 | Research | Stone Mining |
| 26:01 | Build | Farm |
| 26:16 | Build | Town Center |
| 26:26 | Create | Villager (Male) |
| 26:26 | Create | Villager (Male) |
| 26:26 | Create | Villager (Male) |
| 26:27 | Create | Villager (Male) |
| 26:28 | Build | Farm |
| 26:29 | Create | Villager (Male) |
| 26:29 | Create | Villager (Male) |
| 26:30 | Create | Villager (Male) |
| 26:30 | Create | Villager (Male) |
| 26:30 | Create | Villager (Male) |
| 26:40 | Research | Imperial Age |
| 26:43 | Create | Villager (Male) |
| 26:44 | Create | Villager (Male) |
| 26:44 | Create | Villager (Male) |
| 26:44 | Create | Villager (Male) |
| 26:45 | Create | Villager (Male) |
| 26:45 | Create | Villager (Male) |
| 26:51 | Build | Farm |
| 27:09 | Build | House |
| 27:10 | Build | House |
| 27:11 | Build | House |
| 27:12 | Build | House |
| 27:24 | Build | Farm |
| 28:58 | Build | House |
| 29:00 | Build | House |
| 29:08 | Build | House |
| 29:11 | Build | House |
| 29:16 | Build | House |
| 29:18 | Build | House |
| 29:21 | Build | House |
| 29:28 | Build | Mining Camp |
| 29:55 | Age | Imperial Age |
| 30:37 | Create | Villager (Male) ×5 |
| 30:38 | Create | Villager (Male) ×5 |
| 30:38 | Create | Villager (Male) ×5 |
| 30:38 | Create | Villager (Male) ×5 |
| 30:39 | Create | Villager (Male) ×5 |
| 31:20 | Build | House |
| 31:21 | Build | House |
| 31:22 | Build | House |
| 31:24 | Build | House |
| 32:19 | Create | Villager (Male) ×5 |
| 32:20 | Create | Villager (Male) ×5 |
| 32:36 | Build | Barracks |
| 32:55 | Build | Farm |
| 33:20 | Research | Forging |
| 33:20 | Research | Scale Barding Armor |
Build order — 猫神TRACK
First 150 of 490 actions detected
| 0:06 | Build | House |
| 0:08 | Build | House |
| 0:10 | Build | House |
| 0:12 | Create | Villager (Male) |
| 0:12 | Create | Villager (Male) |
| 0:12 | Create | Villager (Male) |
| 0:13 | Create | Villager (Male) |
| 1:38 | Create | Villager (Male) |
| 2:20 | Create | Villager (Male) |
| 2:24 | Build | Lumber Camp |
| 2:27 | Create | Villager (Male) |
| 3:40 | Create | Villager (Male) |
| 3:41 | Create | Villager (Male) |
| 3:44 | Create | Villager (Male) |
| 4:25 | Create | Villager (Male) |
| 4:40 | Create | Villager (Male) |
| 5:18 | Create | Villager (Male) |
| 5:24 | Create | Villager (Male) |
| 6:11 | Create | Villager (Male) |
| 6:26 | Build | House |
| 6:28 | Build | House |
| 6:32 | Build | House |
| 6:34 | Build | House |
| 6:35 | Build | House |
| 6:51 | Build | Mill |
| 6:55 | Create | Villager (Male) |
| 7:52 | Create | Villager (Male) |
| 7:56 | Create | Villager (Male) |
| 8:31 | Create | Villager (Male) |
| 9:02 | Create | Villager (Male) |
| 9:28 | Create | Villager (Male) |
| 9:49 | Research | Feudal Age |
| 10:50 | Create | Villager (Male) ×5 |
| 12:07 | Age | Feudal Age |
| 12:08 | Research | Double-Bit Axe |
| 12:09 | Research | Horse Collar |
| 12:35 | Build | Farm |
| 13:00 | Build | Farm |
| 13:02 | Create | Villager (Male) |
| 13:25 | Build | Farm |
| 13:52 | Build | Farm |
| 13:54 | Create | Villager (Male) |
| 13:58 | Build | Farm |
| 14:01 | Build | Farm |
| 14:02 | Build | Farm |
| 14:03 | Build | Farm |
| 14:03 | Build | Farm |
| 14:05 | Build | Farm |
| 14:05 | Build | Farm |
| 14:08 | Build | Farm |
| 14:08 | Build | Farm |
| 14:19 | Build | Farm |
| 14:23 | Build | Farm |
| 14:30 | Build | Farm |
| 14:32 | Create | Villager (Male) |
| 14:41 | Build | Farm |
| 15:05 | Build | Farm |
| 15:11 | Create | Villager (Male) |
| 15:14 | Build | Farm |
| 15:14 | Build | Farm |
| 15:32 | Build | Farm |
| 15:35 | Create | Villager (Male) |
| 15:49 | Build | Farm |
| 15:55 | Build | Farm |
| 16:02 | Create | Villager (Male) |
| 16:24 | Create | Villager (Male) ×5 |
| 16:25 | Create | Villager (Male) |
| 16:55 | Build | Blacksmith |
| 17:03 | Build | Market |
| 17:09 | Build | Market |
| 17:26 | Build | House |
| 17:28 | Build | House |
| 17:30 | Build | House |
| 17:31 | Build | House |
| 17:39 | Build | House |
| 17:40 | Build | House |
| 17:55 | Build | Mining Camp |
| 18:26 | Research | Fletching |
| 18:27 | Research | Padded Archer Armor |
| 18:30 | Research | Forging |
| 18:30 | Research | Scale Mail Armor |
| 18:31 | Research | Scale Barding Armor |
| 19:12 | Create | Villager (Male) |
| 19:27 | Research | Castle Age |
| 19:56 | Build | Mining Camp |
| 20:13 | Research | Gold Mining |
| 20:14 | Research | Stone Mining |
| 20:40 | Research | Stone Mining |
| 20:45 | Create | Villager (Male) ×5 |
| 21:06 | Research | Wheelbarrow |
| 21:07 | Research | Loom |
| 21:13 | Research | Town Watch |
| 22:17 | Age | Castle Age |
| 22:21 | Build | Town Center |
| 22:45 | Build | Town Center |
| 23:08 | Build | Town Center |
| 23:19 | Build | Town Center |
| 23:23 | Research | Bow Saw |
| 23:26 | Research | Gold Shaft Mining |
| 23:29 | Research | Heavy Plow |
| 23:37 | Create | Villager (Male) ×5 |
| 24:04 | Create | Villager (Male) ×3 |
| 24:32 | Create | Villager (Male) ×3 |
| 24:55 | Build | Monastery |
| 24:59 | Build | University |
| 25:34 | Build | Farm |
| 25:41 | Build | Farm |
| 25:49 | Create | Villager (Male) ×5 |
| 25:54 | Create | Villager (Male) ×5 |
| 25:57 | Create | Villager (Male) |
| 25:58 | Create | Villager (Male) |
| 25:58 | Create | Villager (Male) |
| 26:05 | Build | Farm |
| 26:15 | Create | Villager (Male) ×3 |
| 26:30 | Create | Villager (Male) |
| 26:32 | Create | Villager (Male) |
| 26:36 | Create | Villager (Male) |
| 26:39 | Create | Villager (Male) |
| 26:54 | Build | Lumber Camp |
| 27:04 | Create | Monk |
| 27:43 | Create | Monk |
| 27:54 | Build | Farm |
| 27:57 | Build | Farm |
| 28:04 | Build | Farm |
| 28:07 | Create | Villager (Male) |
| 28:15 | Build | Farm |
| 28:16 | Create | Villager (Male) |
| 28:23 | Create | Villager (Male) |
| 28:23 | Create | Villager (Male) |
| 28:24 | Create | Villager (Male) |
| 28:24 | Create | Villager (Male) |
| 28:32 | Create | Villager (Male) ×5 |
| 28:45 | Create | Villager (Male) |
| 28:49 | Create | Villager (Male) ×5 |
| 28:54 | Create | Villager (Male) ×5 |
| 29:03 | Build | Farm |
| 29:05 | Create | Villager (Male) |
| 29:12 | Create | Villager (Male) |
| 29:20 | Build | Farm |
| 29:26 | Build | Farm |
| 29:44 | Build | Farm |
| 29:44 | Build | Farm |
| 29:45 | Build | Farm |
| 29:46 | Build | Farm |
| 29:47 | Build | Farm |
| 29:54 | Build | House |
| 29:56 | Build | House |
| 29:57 | Build | House |
| 29:59 | Build | House |
| 30:00 | Build | House |
Match timeline
| 0:40 | ReimAusdruck79 · wall_segment Palisade Wall x14 |
| 0:45 | s3lo · wall_segment Palisade Wall x9 |
| 0:53 | pauloc7791 · wall_segment Palisade Wall x19 |
| 3:00 | zod1ac · wall_segment Palisade Wall x18 |
| 4:18 | zod1ac · wall_segment Palisade Wall x4 |
| 4:39 | s3lo · wall_segment Palisade Wall x17 |
| 11:48 | Mr.C.D. · age_up feudal |
| 11:54 | Arthas · age_up feudal |
| 12:07 | 猫神TRACK · age_up feudal |
| 12:13 | iMilan · age_up feudal |
| 12:42 | zod1ac · age_up feudal |
| 14:04 | iMilan · first_building Barracks |
| 14:09 | ReimAusdruck79 · first_building Barracks |
| 14:35 | Mr.C.D. · first_building Barracks |
| 15:29 | pauloc7791 · first_building Barracks |
| 15:36 | Mr.C.D. · first_building Archery Range |
| 16:53 | s3lo · age_up feudal |
| 16:57 | Mr.C.D. · first_market_buy 100 food |
| 17:26 | pauloc7791 · age_up feudal |
| 17:29 | ReimAusdruck79 · wall_segment Stone Wall x15 |
| 19:01 | 猫神TRACK · first_market_sell 100 food |
| 19:50 | Mr.C.D. · age_up castle |
| 19:58 | pauloc7791 · first_building Archery Range |
| 20:35 | zod1ac · age_up castle |
| 20:56 | s3lo · first_building Barracks |
| 21:26 | iMilan · first_market_buy 100 food |
| 21:35 | zod1ac · first_building Monastery |
| 22:07 | s3lo · first_building Stable |
| 22:17 | 猫神TRACK · age_up castle |
| 22:59 | 猫神TRACK · first_market_buy 100 stone |
| 23:22 | Arthas · age_up castle |
| 23:22 | s3lo · first_building Archery Range |
| 24:02 | pauloc7791 · wall_segment Stone Wall x13 |
| 24:13 | iMilan · age_up castle |
| 24:16 | pauloc7791 · wall_segment Stone Wall x8 |
| 24:24 | Arthas · first_building Monastery |
| 24:55 | 猫神TRACK · first_building Monastery |
| 25:05 | ReimAusdruck79 · first_building Archery Range |
| 25:31 | iMilan · first_building Castle |
| 26:24 | ReimAusdruck79 · first_market_buy 100 wood |
| 26:47 | s3lo · age_up castle |
| 28:21 | s3lo · wall_segment Stone Wall x19 |
| 28:40 | pauloc7791 · age_up castle |
| 28:50 | pauloc7791 · first_building Castle |
| 28:57 | s3lo · first_building Monastery |
| 29:39 | iMilan · first_market_sell 100 food |
| 29:55 | zod1ac · age_up imperial |
| 30:13 | ReimAusdruck79 · first_building Monastery |
| 30:20 | Mr.C.D. · first_building Monastery |
| 31:12 | iMilan · first_building Monastery |
| 32:36 | zod1ac · first_building Barracks |
| 32:39 | Mr.C.D. · first_building Castle |
| 32:48 | s3lo · first_building Castle |
| 34:14 | ReimAusdruck79 · first_building Castle |
| 34:17 | 猫神TRACK · age_up imperial |
| 34:23 | Arthas · age_up imperial |
| 34:24 | Mr.C.D. · first_building Siege Workshop |
| 34:29 | Mr.C.D. · age_up imperial |
| 34:45 | zod1ac · first_building Siege Workshop |
| 35:02 | Arthas · first_building Castle |
| 35:10 | Arthas · first_building Barracks |
| 35:26 | Arthas · first_building Siege Workshop |
| 35:28 | pauloc7791 · first_building Monastery |
| 36:20 | pauloc7791 · first_building Siege Workshop |
| 36:22 | iMilan · age_up imperial |
| 36:55 | zod1ac · first_building Castle |
| 37:04 | s3lo · first_market_sell 100 wood |
| 37:30 | ReimAusdruck79 · first_building Siege Workshop |
| 38:14 | 猫神TRACK · first_building Castle |
| 38:19 | zod1ac · first_building Stable |
| 39:12 | Arthas · first_building Archery Range |
| 39:21 | Arthas · first_building Stable |
| 40:14 | pauloc7791 · age_up imperial |
| 40:16 | s3lo · age_up imperial |
| 40:42 | zod1ac · wall_segment Stone Wall x12 |
| 41:05 | 猫神TRACK · first_building Siege Workshop |
| 42:14 | 猫神TRACK · first_building Barracks |
| 42:45 | zod1ac · wall_segment Stone Wall x5 |
| 42:46 | ReimAusdruck79 · first_building Krepost |
| 43:26 | zod1ac · wall_segment Stone Wall x4 |
| 44:36 | 猫神TRACK · first_building Archery Range |
| 46:00 | 猫神TRACK · first_building Stable |
| 48:33 | s3lo · first_market_buy 100 food |
| 54:34 | ReimAusdruck79 · wall_segment Stone Wall x3 |
| 55:15 | zod1ac · first_market_sell 500 stone |
| 55:47 | iMilan · first_building Siege Workshop |
| 63:22 | iMilan · first_building Stable |
| 67:57 | 猫神TRACK · tribute_sent a jugador 1 |
| 67:57 | 猫神TRACK · tribute_sent a jugador 2 |
| 67:57 | 猫神TRACK · tribute_sent a jugador 3 |
| 67:57 | 猫神TRACK · tribute_sent a jugador 4 |
| 67:57 | 猫神TRACK · tribute_sent a jugador 5 |
| 67:57 | 猫神TRACK · tribute_sent a jugador 6 |
| 67:57 | 猫神TRACK · tribute_sent a jugador 8 |
| 67:57 | pauloc7791 · resign |
| 69:06 | iMilan · tribute_sent a jugador 1 |
| 69:06 | iMilan · tribute_sent a jugador 2 |
| 69:06 | iMilan · tribute_sent a jugador 3 |
| 69:06 | iMilan · tribute_sent a jugador 5 |
| 69:06 | iMilan · tribute_sent a jugador 6 |
| 69:06 | iMilan · tribute_sent a jugador 7 |
| 69:06 | iMilan · tribute_sent a jugador 8 |
[ AI ANALYSIS · 1 CREDIT ]
What really happened in this match?
Wolo.gg analyzes every decision: build order, eco, micro, common mistakes by bracket. Personalized analysis on WhatsApp or Discord in 30 seconds.
Civ guide
Khmer
Perfil
Jugador #23255648